Map: Ultralove

Players

SubN

  • Race: Zerg Zerg
  • League: Diamond
  • Spawn Location: 1:00

MrQuackers - Winner!

  • Race: Terran Terran
  • League: Diamond
  • Spawn Location: 7:00

VOD

Have the link to the VOD?

Description

Time

  • Played on: July 26, 2025, 9:19 p.m.
  • Length: 16:14
Show
View Real Time Build Order
Export as new Build Order

SubN Zerg 

Build Orders: Pool First 

Get SALT Encoding   

  12  0:00  Drone  
  13  0:12  Overlord  
  13  0:17  Drone  
  14  0:31  Drone x2  
  16  0:44  Spawning Pool  
  16  0:45  Drone  
  16  0:48  Drone  
  17  0:56  Drone  
  18  1:12  Hatchery  
  18  1:15  Drone  
  18  1:18  Extractor  
  17  1:33  Queen  
  17  1:35  Zergling x4  
  21  1:41  Zergling x2  
  22  1:50  Overlord  
  22  2:02  Overlord  
  22  2:13  Queen  
  24  2:18  Drone  
  24  2:33  Drone x2  
  26  2:40  Queen  
  28  2:47  Drone  
  29  2:54  Drone x2  
  29  2:55  Roach Warren  
  30  3:03  Lair  
  30  3:06  Drone  
  30  3:09  Drone  
  32  3:13  Drone  
  32  3:15  Drone  
  34  3:28  Zergling x4  
  34  3:29  Zergling x4  
  38  3:35  Roach x2  
  38  3:40  Drone x2  
  44  4:09  Overlord  
  44  4:10  Overlord x3  
  44  4:14  Metabolic Boost  
  44  4:16  Glial Reconstitution  
  43  4:30  Drone  
  43  4:31  Drone x3, Extractor  
  44  4:33  Hatchery  
  41  4:49  Roach x6  
  53  4:59  Zergling x6  
  56  5:20  Spore Crawler  
  56  5:21  Spore Crawler  
  53  5:27  Roach x7  
  63  5:49  Drone x8  
  71  6:01  Drone x5  
  71  6:04  Queen  
  75  6:08  Spore Crawler  
  76  6:18  Extractor, Spire  
  74  6:19  Extractor  
  69  6:26  Roach  
  69  6:27  Ravager  
  69  6:28  Ravager  
  70  6:42  Ravager  
  69  6:53  Ravager  
  68  6:56  Ravager  
  67  7:01  Drone x11  
  67  7:02  Drone x3  
  64  7:23  Drone  
  64  7:24  Drone x3  
  64  7:27  Drone  
  64  7:29  Drone  
  71  7:30  Drone  
  71  7:32  Overlord x2  
  71  7:33  Overlord  
  71  7:41  Zerg Flyer Weapons Level 1  
  71  7:42  Corruptor x2  
  75  7:47  Drone  
  75  7:51  Baneling Nest  
  75  7:53  Overseer x2  
  76  7:58  Drone x2  
  76  8:00  Extractor  
  76  8:02  Extractor  
  76  8:03  Overlord x2  
  75  8:08  Corruptor  
  75  8:16  Corruptor  
  75  8:22  Queen  
  77  8:29  Queen  
  77  8:30  Queen  
  77  8:32  Drone x3  
  77  8:33  Drone x3  
  87  8:34  Drone  
  87  8:41  Drone x2  
  90  8:46  Evolution Chamber  
  90  8:47  Evolution Chamber  
  88  8:49  Hatchery  
  88  8:50  Corruptor x2  
  88  8:51  Corruptor x2  
  95  8:57  Zergling x2  
  95  9:01  Overlord  
  96  9:08  Corruptor x2  
  100  9:14  Zerg Melee Weapons Level 1  
  100  9:16  Zerg Missile Weapons Level 1  
  100  9:25  Roach x3, Spore Crawler  
  100  9:26  Roach x3  
  111  9:37  Roach x7  
  111  9:38  Roach  
  121  9:48  Overlord x4  
  121  9:49  Overlord x3  
  121  9:56  Ravager  
  122  10:01  Queen  
  122  10:03  Overlord x4  
  122  10:05  Zerg Flyer Weapons Level 2  
  124  10:08  Overlord x2  
  124  10:12  Centrifugal Hooks  
  124  10:15  Zergling x2  
  124  10:16  Zergling x10  
  130  10:23  Zergling x2  
  131  10:37  Zergling x8, Queen  
  131  10:41  Baneling x5, Extractor  
  131  10:42  Baneling x9  
  136  10:47  Extractor  
  124  11:06  Zergling x2  
  124  11:07  Zergling x18  
  134  11:11  Drone x2  
  134  11:12  Drone x2  
  134  11:16  Infestation Pit  
  139  11:18  Roach  
  139  11:29  Zerg Ground Armor Level 1  
  139  11:31  Zerg Missile Weapons Level 2  
  139  11:41  Queen  
  139  11:45  Zergling x24  
  139  11:46  Zergling x6  
  156  11:55  Overseer  
  156  11:56  Overseer  
  157  12:01  Drone x2  
  157  12:04  Drone x4  
  162  12:11  Neural Parasite  
  162  12:17  Zergling x2  
  162  12:22  Zerg Flyer Armor Level 1  
  163  12:40  Hatchery  
  163  12:41  Roach  
  163  12:42  Roach x11  
  184  12:56  Infestor x2  
  184  12:57  Infestor x4  
  150  13:21  Roach x7  
  150  13:22  Roach x2  
  139  13:33  Zergling x4  
  139  13:34  Zergling x6  
  131  13:49  Roach x2  
  131  13:50  Roach x4  
  131  13:51  Queen  
  101  14:40  Roach x3  
  101  14:41  Roach x18  
  129  14:58  Zergling x2  
  129  14:59  Zergling x16  
  117  15:11  Roach x4  
  89  15:22  Roach  
  89  15:23  Roach x7  
  102  15:33  Zergling x10  
  102  15:34  Zergling x8  
  96  15:46  Zergling x2  
  96  15:47  Zergling x18  
  89  15:54  Roach Warren  
Show
View Real Time Build Order
Export as new Build Order

MrQuackers Terran - Winner!

Build Orders: Reaper Expand, Mech 

Get SALT Encoding   

  12  0:00  SCV  
  13  0:12  SCV  
  14  0:18  Supply Depot  
  14  0:24  SCV  
  15  0:40  SCV  
  15  0:41  Barracks  
  16  0:46  Refinery  
  16  0:52  SCV  
  17  1:04  SCV  
  18  1:16  SCV  
  19  1:28  Orbital Command  
  19  1:30  Reaper  
  20  1:42  Command Center  
  20  1:47  Refinery  
  20  1:55  SCV  
  21  2:02  Reaper  
  21  2:04  Supply Depot  
  21  2:07  SCV  
  23  2:26  SCV  
  22  2:38  SCV  
  22  2:41  Reaper  
  22  2:42  Factory  
  24  2:50  SCV  
  25  3:02  SCV  
  26  3:06  Supply Depot  
  26  3:14  SCV  
  26  3:18  Barracks Reactor  
  27  3:23  Orbital Command  
  27  3:26  SCV  
  28  3:29  Supply Depot  
  28  3:33  Factory Tech Lab  
  28  3:35  Starport  
  28  3:37  Hellion  
  28  3:40  SCV  
  29  4:08  Supply Depot  
  29  4:10  SCV x2  
  29  4:12  Barracks Tech Lab  
  31  4:19  Liberator  
  31  4:22  SCV x2  
  31  4:23  Fusion Core  
  34  4:39  Hellion  
  34  4:40  Hellion, Marine  
  37  4:55  SCV  
  38  5:02  Factory  
  38  5:07  SCV  
  39  5:17  Hellion x2  
  43  5:23  SCV  
  44  5:35  SCV  
  46  5:50  Battlecruiser  
  46  5:51  Hellion  
  46  5:52  Hellion, Factory Tech Lab  
  49  6:01  Supply Depot  
  47  6:07  SCV  
  47  6:10  Marine  
  47  6:20  Siege Tank  
  50  6:29  Hellion x2  
  54  6:50  SCV  
  55  6:57  Orbital Command  
  55  7:02  SCV  
  55  7:06  Hellion x2  
  60  7:11  Battlecruiser  
  62  7:23  Orbital Command  
  62  7:30  Supply Depot  
  62  7:32  Supply Depot  
  62  7:47  Factory  
  62  7:52  Hellion, Siege Tank, SCV  
  68  7:59  SCV  
  68  8:04  SCV  
  70  8:15  Viking  
  72  8:21  Hellion x2  
  72  8:26  Armory  
  76  8:35  SCV x2  
  76  8:39  Refinery  
  78  8:42  Refinery, Supply Depot  
  78  8:45  Supply Depot, Factory Tech Lab  
  78  8:47  Infernal Pre-Igniter  
  78  8:50  Command Center  
  78  9:04  Hellion x2  
  82  9:12  Siege Tank x2  
  88  9:25  SCV x2  
  88  9:27  Hellion x2  
  94  9:44  Thor  
  94  9:45  Terran Vehicle Weapons Level 1  
  94  9:51  Supply Depot  
  94  9:53  Supply Depot  
  94  10:01  SCV x2  
  94  10:03  Orbital Command, Supply Depot  
  96  10:07  Factory  
  96  10:13  Factory, Widow Mine x2  
  100  10:25  Orbital Command, SCV x2  
  102  10:37  Thor, SCV x2  
  102  10:39  Hellion x2  
  107  11:00  SCV  
  107  11:01  SCV  
  106  11:09  Thor x2  
  118  11:11  Hellion x2  
  118  11:15  Supply Depot  
  118  11:17  Factory Reactor, Supply Depot  
  124  11:18  SCV x3  
  125  11:32  SCV x2  
  127  11:35  Refinery  
  127  11:40  Refinery  
  127  11:41  Hellion x2  
  127  11:42  Supply Depot  
  127  11:43  Terran Vehicle And Ship Armor Level 1  
  127  11:45  Thor, Starport Reactor  
  137  11:48  SCV  
  137  11:49  SCV  
  139  11:59  Hellion, Widow Mine  
  143  12:03  SCV x2  
  145  12:09  SCV  
  145  12:11  Hellion x2  
  145  12:15  SCV x2  
  152  12:18  Supply Depot  
  152  12:19  Supply Depot  
  152  12:20  Hellion  
  154  12:24  Siege Tank  
  157  12:38  Thor  
  157  12:44  Hellion x3  
  157  12:45  Hellion  
  163  12:51  Siege Tank  
  163  12:56  Siege Tank  
  167  13:17  Hellion x4  
  135  13:21  Siege Tank  
  135  13:23  Siege Tank  
  124  13:28  Siege Tank  
  124  13:32  Liberator  
  130  13:38  Viking  
  132  13:43  Hellion  
  132  13:44  Hellion x2  
  136  13:53  Hellion, SCV x2  
  136  13:54  Siege Tank  
  143  13:55  Siege Tank  
  143  14:00  Siege Tank  
  147  14:11  Hellion x3  
  151  14:25  Thor  
  121  14:43  Hellion  
  121  14:44  Hellion x4  
  119  14:53  Hellion  
  119  14:56  SCV x3  
  122  15:05  Hellion x3  
  121  15:08  SCV  
  121  15:10  Hellion  
  121  15:11  Hellion x2  
  128  15:14  Hellion, Liberator x2  
  122  15:26  Hellion  
Tags
 
Composition
Mech
Matchup
TvZ
Replay Pack
Multiplayer
Spawn Locations
Cross Positions
Add a new tag
Caveats
  • Supply blocks, unpowered buildings, or Contaminate may cause inaccurate times.
  • Supply counts are checked every 10 seconds.